Map: Neon Violet Square LE

Players

Bly

  • Race: Zerg Zerg
  • League: Grandmaster
  • Spawn Location: 11:00

DeMusliM - Winner!

  • Race: Terran Terran
  • League: Grandmaster
  • Spawn Location: 5:00

Event: HomeStory Cup XVI

VOD

Have the link to the VOD?

Description

Time

  • Played on: Nov. 10, 2017, 9:41 a.m.
  • Length: 9:05

All games in this series

Show
View Real Time Build Order
Export as new Build Order

Bly Zerg 

Build Orders: Pool First 

Get SALT Encoding   

  12  0:01  Drone  
  13  0:13  Overlord  
  13  0:19  Drone  
  14  0:33  Drone x2  
  16  0:42  Spawning Pool  
  15  0:46  Drone  
  16  0:54  Drone  
  17  1:11  Hatchery  
  17  1:15  Drone  
  17  1:24  Extractor  
  16  1:29  Zergling x4  
  16  1:30  Zergling x2  
  19  1:36  Queen  
  21  1:42  Overlord  
  21  1:53  Drone  
  22  2:02  Drone  
  23  2:12  Queen, Drone  
  26  2:25  Roach Warren  
  26  2:27  Drone x2  
  27  2:34  Drone  
  28  2:43  Drone  
  28  2:51  Drone  
  27  2:56  Drone  
  28  2:58  Overlord x2  
  28  3:16  Roach  
  28  3:17  Roach x3  
  36  3:26  Overlord  
  36  3:30  Drone x5  
  36  3:31  Drone  
  42  3:36  Drone  
  43  3:42  Overlord  
  43  3:44  Overlord  
  43  4:02  Hatchery  
  43  4:09  Drone x6  
  48  4:15  Overlord  
  48  4:18  Overlord  
  48  4:22  Drone  
  48  4:23  Drone  
  48  4:26  Drone  
  45  4:40  Drone x2  
  47  4:48  Evolution Chamber  
  47  4:49  Evolution Chamber  
  47  4:51  Drone x2  
  45  4:53  Hatchery  
  45  4:58  Drone  
  45  4:59  Drone x5  
  50  5:06  Drone x3  
  53  5:10  Queen  
  53  5:12  Queen  
  57  5:20  Zerg Ground Armor Level 1, Zerg Melee Weapons Level 1  
  57  5:23  Zergling x8  
  61  5:33  Extractor  
  61  5:34  Extractor, Zergling x8  
  61  5:35  Zergling x6  
  66  5:36  Zergling x2  
  66  5:42  Zergling x4  
  69  5:45  Queen, Zergling x2  
  69  5:49  Spore Crawler  
  71  5:54  Zergling x4  
  71  5:55  Metabolic Boost, Zergling x2  
  68  6:03  Zergling x10  
  60  6:07  Zergling x4  
  56  6:15  Zergling x4  
  49  6:21  Zergling x4  
  45  6:30  Zergling x6  
  43  6:54  Extractor  
  43  6:56  Hatchery  
  43  6:58  Zergling x2  
  43  6:59  Zergling x6  
  42  7:06  Zergling x2  
  42  7:10  Zergling x8  
  46  7:16  Queen  
  48  7:28  Drone x3  
  51  7:34  Overlord  
  51  7:37  Overlord  
  51  7:52  Zergling x4  
  51  8:04  Zergling x2  
  51  8:05  Zergling x4  
  48  8:10  Queen x2  
  51  8:16  Zergling x6  
  51  8:18  Zergling x2  
  47  8:23  Zergling x2  
  41  8:37  Zergling x6  
  41  8:38  Zergling x8  
Show
View Real Time Build Order
Export as new Build Order

DeMusliM Terran - Winner!

Build Orders:  

Get SALT Encoding   

  12  0:00  SCV  
  13  0:12  SCV  
  14  0:18  Supply Depot  
  14  0:24  SCV  
  15  0:39  SCV  
  15  0:41  Barracks  
  16  0:44  Refinery  
  16  0:51  SCV  
  17  1:03  SCV  
  18  1:15  SCV  
  19  1:28  Orbital Command, Marine  
  20  1:42  Command Center  
  20  1:47  Marine  
  21  1:54  SCV  
  21  1:59  Factory  
  22  2:08  Supply Depot  
  22  2:09  Barracks Reactor  
  22  2:16  SCV  
  22  2:18  Refinery  
  22  2:26  Marine  
  22  2:28  SCV  
  22  2:46  Barracks Reactor  
  22  2:52  SCV  
  22  2:54  Widow Mine  
  23  3:00  Starport  
  23  3:08  SCV  
  24  3:16  Orbital Command  
  24  3:20  SCV  
  24  3:22  Marine x2  
  24  3:25  Hellion  
  29  3:32  SCV  
  30  3:36  Medivac  
  30  3:40  Marine x2  
  34  3:41  SCV  
  34  3:44  SCV  
  38  3:53  SCV  
  37  4:03  SCV  
  37  4:05  Hellion x2  
  42  4:11  SCV  
  42  4:17  Supply Depot  
  43  4:18  Supply Depot  
  43  4:21  Liberator  
  42  4:26  Cyclone  
  42  4:27  Cyclone  
  49  4:41  SCV x2  
  49  4:42  Armory  
  51  4:53  SCV  
  51  4:54  SCV  
  51  4:58  Hellion  
  51  4:59  Hellion  
  57  5:06  SCV x2  
  59  5:13  Supply Depot  
  59  5:18  SCV x2  
  61  5:30  SCV  
  61  5:34  Supply Depot, SCV, Hellion x2  
  67  5:41  Command Center  
  67  5:42  SCV  
  68  5:46  SCV  
  69  5:57  SCV  
  69  5:58  SCV  
  66  6:04  Hellion x2  
  66  6:06  Terran Vehicle And Ship Armor Level 1  
  66  6:07  Factory  
  66  6:08  Factory  
  66  6:09  SCV  
  66  6:10  SCV  
  66  6:14  Refinery  
  66  6:15  Refinery  
  66  6:21  SCV  
  66  6:23  SCV  
  67  6:25  Hellion  
  67  6:26  Hellion  
  69  6:33  SCV  
  69  6:35  SCV  
  69  6:39  Starport Reactor  
  71  6:45  SCV  
  63  6:47  Hellion x2  
  63  6:48  SCV  
  63  6:52  Factory Tech Lab x2  
  66  6:55  Orbital Command  
  66  6:57  Armory, SCV  
  67  7:08  SCV, Hellion x2  
  72  7:09  SCV  
  72  7:10  Supply Depot  
  72  7:12  Supply Depot, Thor  
  72  7:13  Thor  
  85  7:17  Medivac  
  85  7:18  Medivac  
  85  7:21  SCV x2  
  91  7:24  Refinery  
  91  7:29  Refinery  
  91  7:34  Engineering Bay, Hellion  
  91  7:35  Hellion  
  95  7:38  Infernal Pre-Igniter  
  95  7:44  SCV x2  
  97  7:52  SCV  
  97  7:56  SCV  
  91  8:08  Siege Tank x2  
  91  8:09  Hellion x2  
  101  8:13  Factory  
  101  8:14  Factory  
  101  8:15  SCV x2  
  101  8:16  SCV  
  102  8:27  SCV  
  102  8:28  SCV x2  
  101  8:39  Hellion x2  
  103  8:58  Supply Depot  
  103  8:59  Supply Depot x2, Factory Tech Lab, Factory Reactor  
Tags
 
Add a new tag
Caveats
  • Supply blocks, unpowered buildings, or Contaminate may cause inaccurate times.
  • Supply counts are checked every 10 seconds.